 Dungeon Crawl Stone Soup version 0.22.1-6-g1668fe2 (webtiles) character file.

107 Gingerlord the Charlatan (level 5, -1/34 HPs)
             Began as a Halfling Artificer on Jan 26, 2019.
             Killed from afar by a dart slug (6 damage)
             ... with a slug dart
             ... on level 3 of the Dungeon.
             The game lasted 00:03:38 (1634 turns).

Gingerlord the Charlatan (Halfling Artificer)       Turns: 1634, Time: 00:03:39

Health: -1/34      AC:  5    Str: 19    XL:     5   Next: 11%
Magic:  7/7        EV: 14    Int:  9    God:
Gold:   207        SH:  4    Dex: 15    Spells: 4/4 levels left

rFire    . . .     SeeInvis .   s - +0 long sword
rCold    . . .     Gourm    .   a - +0 buckler
rNeg     . . .     Faith    .   k - +0 ring mail
rPois    .         Spirit   .   (no helmet)
rElec    .         Reflect  .   (no cloak)
rCorr    .         Harm     .   (no gloves)
MR       .....                  (no boots)
Stlth    +.........             (no amulet)
HPRegen  0.11/turn              j - +5 ring of strength
MPRegen  0.10/turn              (no ring)

@: no status effects
A: small, mutation resistance 1
a: no special abilities


You were on level 3 of the Dungeon.
You were hungry.

You visited 1 branch of the dungeon, and saw 3 of its levels.

You collected 207 gold pieces.

Inventory:

Hand Weapons
 s - a +0 long sword (weapon)
Armour
 a - a +0 buckler (worn)
 k - a +0 ring mail (worn)
Jewellery
 j - a +5 ring of strength (left hand)
Wands
 c - a wand of flame (15)
 d - a wand of enslavement (14)
 e - a wand of random effects (15)
Scrolls
 b - 3 scrolls of identify
 h - 4 scrolls of amnesia
 l - a scroll of fear {unknown}
 m - a scroll of enchant armour {unknown}
 n - 2 scrolls of teleportation
 o - a scroll of fog {unknown}
 q - a scroll of blinking {unknown}
Potions
 g - 3 potions of lignification
 i - a potion of flight
 p - a potion of haste
Comestibles
 f - 4 rations


   Skills:
 + Level 1.9 Fighting
   Level 2.5 Short Blades
 + Level 0.2(1.2) Long Blades
 + Level 1.8 Armour
 + Level 3.1 Dodging
 - Level 1.1 Stealth
 + Level 0.3 Shields
 - Level 3.4 Evocations


You had 4 spell levels left.
You didn't know any spells.
Your spell library was empty.

Dungeon Overview and Level Annotations

Branches:
Dungeon (3/15)

Altars:

Annotations:
D:3 3 runed doors, math4jedi's ghost, amateur MiBe


Innate Abilities, Weirdness & Mutations

You are small and have problems with some larger weapons.
You are somewhat resistant to further mutation.


Message History

You feel agile.
The kobold looks more experienced.
The kobold hits you but does no damage.
Items here: ( ) [ † a dagger; a robe; a stone; an orc corpse You hit the kobold.
The kobold is heavily wounded.
The kobold hits you with a short sword. x2
You hit the kobold.
You kill the kobold!
You hit the dart slug but do no damage. The dart slug launches a dart at you.
The slug dart hits you!
* * * LOW HITPOINT WARNING * * *
You hit the dart slug but do no damage. You block the dart slug's attack.
You hit the dart slug.
The dart slug is moderately wounded.
The dart slug launches a dart at you. The slug dart hits you!
You die...

#$.. $# #P.. P#
#⌠.W .⌠#
########P.. ..P#
#......####+++###
#.#####.# ......
#.#####.###..#
#.##........#####.#
#.##.##.###..(@w..#
#.##.##.#
#######.....
#.......# .#.
######.##########
.....#.# #.....#
)###...####.....#
..##.###........#
....(.#...#.....#
#..#..#.#.#.....#


You could see a dart slug.

Vanquished Creatures
  4 adders (D:2)
  An ooze (D:2)
  A worm (D:2)
  2 dart slugs (D:2)
  An orc (D:3)
  5 bats
  3 giant cockroaches
  4 goblins
  7 hobgoblins
  A quokka (D:3)
  2 ball pythons (D:1)
  5 frilled lizards
  5 kobolds
  4 rats
45 creatures vanquished.

Vanquished Creatures (collateral kills)
  An orc (D:3)
  A rat (D:3)
2 creatures vanquished.

Vanquished Creatures (others)
  An orc wizard (D:3)
1 creature vanquished.

Grand Total: 48 creatures vanquished

Notes
Turn   | Place    | Note
-------+----------+-------------------------------------------
     0 | D:1      | Gingerlord the Halfling Artificer began the quest for the
                  | Orb.
     0 | D:1      | Reached XP level 1. HP: 12/12 MP: 3/3
   148 | D:1      | Reached skill level 1 in Fighting
   244 | D:1      | Reached XP level 2. HP: 14/18 MP: 4/4
   709 | D:2      | Reached skill level 1 in Armour
   709 | D:2      | Reached XP level 3. HP: 23/23 MP: 5/5
  1029 | D:2      | Reached XP level 4. HP: 27/28 MP: 6/6
  1597 | D:3      | Found a runed gate.
  1598 | D:3      | Found a runed gate.
  1598 | D:3      | Found a runed gate.
  1599 | D:3      | Noticed math4jedi's ghost (amateur MiBe)
  1628 | D:3      | Reached XP level 5. HP: 15/34 MP: 7/7
  1634 | D:3      | Killed from afar by a dart slug

Skill      XL: |  1  2  3  4 |
---------------+-------------+-----
Fighting       | 1 |  1.9
Armour         | 1 |  1.8
Short Blades   | 2 |  2.5
Dodging        | 3 |  3.1
Long Blades    | |  0.2
Stealth        | |  1.1
Shields        | |  0.3
Evocations     | |  3.4

Action                   |  1- 3 |  4- 6 || total
-------------------------+-------+-------++-------
Melee: Short sword       |   103 |    77 ||   180
       Long sword        |       |    13 ||    13
Evoke: Wand              |       |     1 ||     1
  Use: Scroll            |       |     5 ||     5
  Eat: Chunk             |       |     2 ||     2
Armor: Ring mail         |    29 |    29 ||    58
Dodge: Dodged            |    74 |    41 ||   115
Block: Buckler           |       |     1 ||     1
       Rpst.: Long sword |       |     4 ||     4
